SL
NEW AMSTERDAM REPUBLICS @ FT. WORTH CATTLEMEN
09/03/2025
 
TOP OF THE 1ST
New Amsterdam Republics batting - Pitching for Ft. Worth Cattlemen : LHP Bartolomeu Lio
Pitching: LHP Bartolomeu Lio
Batting: RHB Enrique Morales 0-0: Ball
1-0: Swinging Strike
1-1: Reached via error on a dropped throw, E3
Batting: RHB Alfredo Suárez 0-0: Ball
1-0: Ball
Enrique Morales steals 2nd base
2-0: Swinging Strike
2-1: Called Strike
2-2: Ball
3-2: Strikes out looking
Batting: LHB Félix López 0-0: Ball
1-0: Swinging Strike
1-1: Ground out 4-3 (Groundball, 34D)
Enrique Morales to third
Batting: RHB Hank Wilder 0-0: Ball
1-0: Ball
2-0: Ground out 4-3 (Groundball, 4)
Top of the 1st over - 0 run(s), 0 hit(s), 1 error(s), 1 left on base; New Amsterdam 0 - Ft. Worth 0
BOTTOM OF THE 1ST
Ft. Worth Cattlemen batting - Pitching for New Amsterdam Republics : LHP Alejandro Ramos
Pitching: LHP Alejandro Ramos
Batting: SHB Robby Day 0-0: Called Strike
0-1: Ball
1-1: Ball
2-1: Ball
3-1: Foul Ball, location: 2F
3-2: Base on Balls
Batting: RHB Alan Elder 0-0: Called Strike
0-1: Fly out, F8 (Flyball, 78M)
Batting: RHB Bart Lewis 0-0: Ball
1-0: Ball
2-0: Ball
3-0: SINGLE (Groundball, 56D)
Robby Day to second
Batting: LHB Ryan Westlake 0-0: Ball
1-0: Ball
2-0: Called Strike
2-1: SINGLE (Groundball, 4D)
Robby Day to third
Bart Lewis to second
Runner from 3rd tries for Home, SAFE, throw made home
Batting: RHB Joey Morgan 0-0: Ball
1-0: Ball
2-0: Foul Ball, location: 2F
2-1: SINGLE (Groundball, 56D)
Bart Lewis to third
Ryan Westlake to second
Runner from 3rd tries for Home, SAFE, no throw
Batting: RHB Júlio Maldonado 0-0: Called Strike
0-1: Ball
1-1: Called Strike
1-2: Ball
2-2: Ball
3-2: Grounds into double play, 5-4-3 (Groundball, 5)
Bottom of the 1st over - 2 run(s), 3 hit(s), 0 error(s), 1 left on base; New Amsterdam 0 - Ft. Worth 2
TOP OF THE 2ND
New Amsterdam Republics batting - Pitching for Ft. Worth Cattlemen : LHP Bartolomeu Lio
Batting: LHB Eric Ward 0-0: Fly out, F9 (Flyball, 9)
Batting: RHB António Pérez 0-0: Ball
1-0: Foul Ball, location: 2F
1-1: Foul Ball, location: 2F
1-2: Ball
2-2: Ground out 6-3 (Groundball, 6)
Batting: RHB Cory Hansen 0-0: Ball
1-0: SINGLE (Flyball, 8RS)
Batting: RHB Ed Hopkins 0-0: Foul Ball, location: 2F
0-1: Ground out 5-3 (Groundball, 56S)
Top of the 2nd over - 0 run(s), 1 hit(s), 0 error(s), 1 left on base; New Amsterdam 0 - Ft. Worth 2
BOTTOM OF THE 2ND
Ft. Worth Cattlemen batting - Pitching for New Amsterdam Republics : LHP Alejandro Ramos
Batting: LHB Toyokazu Asano 0-0: Swinging Strike
0-1: Foul Ball, location: 2F
0-2: Ball
1-2: Ball
2-2: Foul Ball, location: 2F
2-2: Foul Ball, location: 2F
2-2: Strikes out looking
Batting: LHB Nobuo Yamashita 0-0: Bunted foul
0-1: Foul Ball, location: 2F
0-2: Ball
1-2: Foul Ball, location: 2F
1-2: Ball
2-2: Fly out, F1 (Line Drive, 15)
Batting: RHB Jorge Rosa 0-0: Called Strike
0-1: Ball
1-1: SINGLE (Line Drive, 9S)
Batting: SHB Robby Day 0-0: Ball
1-0: Ball
2-0: Called Strike
2-1: Called Strike
2-2: Fly out, F7 (Flyball, 7S)
Bottom of the 2nd over - 0 run(s), 1 hit(s), 0 error(s), 1 left on base; New Amsterdam 0 - Ft. Worth 2
TOP OF THE 3RD
New Amsterdam Republics batting - Pitching for Ft. Worth Cattlemen : LHP Bartolomeu Lio
Batting: RHB John Burton 0-0: Ground out 5-3 (Groundball, 56)
Batting: RHB Enrique Morales 0-0: Ball
1-0: Called Strike
1-1: Ball
2-1: Foul Ball, location: 2F
2-2: Ball
3-2: Fly out, F8 (Line Drive, 8LM)
Batting: RHB Alfredo Suárez 0-0: Swinging Strike
0-1: Foul Ball, location: 2F
0-2: Ball
1-2: Foul Ball, location: 2F
1-2: Fly out, F9 (Flyball, 89M)
Top of the 3rd over - 0 run(s), 0 hit(s), 0 error(s), 0 left on base; New Amsterdam 0 - Ft. Worth 2
BOTTOM OF THE 3RD
Ft. Worth Cattlemen batting - Pitching for New Amsterdam Republics : LHP Alejandro Ramos
Batting: RHB Alan Elder 0-0: Ball
1-0: Swinging Strike
1-1: Foul Ball, location: 2F
1-2: Ball
2-2: Ball
3-2: Ground out 6-3 (Groundball, 6)
Batting: RHB Bart Lewis 0-0: Ball
1-0: SOLO HOME RUN (Flyball, 7LD), Distance : 355 ft
Batting: LHB Ryan Westlake 0-0: Called Strike
0-1: Swinging Strike
0-2: Ball
1-2: Ball
2-2: Ball
3-2: Fly out, F9 (Flyball, 89D)
Batting: RHB Joey Morgan 0-0: Called Strike
0-1: Fly out, F7 (Flyball, 78D)
Bottom of the 3rd over - 1 run(s), 1 hit(s), 0 error(s), 0 left on base; New Amsterdam 0 - Ft. Worth 3
TOP OF THE 4TH
New Amsterdam Republics batting - Pitching for Ft. Worth Cattlemen : LHP Bartolomeu Lio
Batting: LHB Félix López 0-0: Called Strike
0-1: Foul Ball, location: 2F
0-2: Ball
1-2: Strikes out swinging
Batting: RHB Hank Wilder 0-0: Ball
1-0: Ball
2-0: Called Strike
2-1: Ground out 4-3 (Groundball, 4MS)
Batting: LHB Eric Ward 0-0: SINGLE (Line Drive, 3L)
Batting: RHB António Pérez 0-0: Foul Ball, location: 2F
0-1: Ball
1-1: Ball
2-1: SINGLE (Groundball, 56D)
Eric Ward to second
Batting: RHB Cory Hansen 0-0: Ball
1-0: DOUBLE (Flyball, 89D)
Eric Ward scores
António Pérez to third
Runner from 3rd tries for Home, SAFE, no throw
Batting: RHB Ed Hopkins 0-0: Ball
1-0: Ball
2-0: Ball
3-0: Called Strike
3-1: Called Strike
3-2: Strikes out looking
Top of the 4th over - 2 run(s), 3 hit(s), 0 error(s), 1 left on base; New Amsterdam 2 - Ft. Worth 3
BOTTOM OF THE 4TH
Ft. Worth Cattlemen batting - Pitching for New Amsterdam Republics : LHP Alejandro Ramos
Batting: RHB Júlio Maldonado 0-0: Ball
1-0: Ball
2-0: Ball
3-0: Base on Balls
Batting: LHB Toyokazu Asano 0-0: Called Strike
0-1: SINGLE (Flyball, 8RS)
Júlio Maldonado to second
Batting: LHB Nobuo Yamashita 0-0: Ball
1-0: Fly out, F6 (Line Drive, 6)
Batting: RHB Jorge Rosa 0-0: Foul Ball, location: 2F
0-1: Ball
1-1: Foul Ball, location: 2F
1-2: Ball
2-2: Grounds into double play, 6-4-3 (Groundball, 56)
Bottom of the 4th over - 0 run(s), 1 hit(s), 0 error(s), 1 left on base; New Amsterdam 2 - Ft. Worth 3
TOP OF THE 5TH
New Amsterdam Republics batting - Pitching for Ft. Worth Cattlemen : LHP Bartolomeu Lio
Batting: RHB John Burton 0-0: Called Strike
0-1: Fly out, F8 (Flyball, 8RD)
Batting: RHB Enrique Morales 0-0: Ground out 6-3 (Groundball, 6)
Batting: RHB Alfredo Suárez 0-0: Called Strike
0-1: SINGLE (Groundball, 56D)
Batting: LHB Félix López 0-0: Called Strike
0-1: Ball
1-1: Ball
2-1: Swinging Strike
2-2: Strikes out looking
Top of the 5th over - 0 run(s), 1 hit(s), 0 error(s), 1 left on base; New Amsterdam 2 - Ft. Worth 3
BOTTOM OF THE 5TH
Ft. Worth Cattlemen batting - Pitching for New Amsterdam Republics : LHP Alejandro Ramos
Batting: SHB Robby Day 0-0: Foul Ball, location: 2F
0-1: Ball
1-1: Ball
2-1: Called Strike
2-2: Foul Ball, location: 2F
2-2: Foul Ball, location: 2F
2-2: Fly out, F1 (Line Drive, 15)
Batting: RHB Alan Elder 0-0: Called Strike
0-1: Called Strike
0-2: Ball
1-2: Strikes out swinging
Batting: RHB Bart Lewis 0-0: Foul Ball, location: 2F
0-1: Called Strike
0-2: Strikes out swinging
Bottom of the 5th over - 0 run(s), 0 hit(s), 0 error(s), 0 left on base; New Amsterdam 2 - Ft. Worth 3
TOP OF THE 6TH
New Amsterdam Republics batting - Pitching for Ft. Worth Cattlemen : LHP Bartolomeu Lio
Batting: RHB Hank Wilder 0-0: Ball
1-0: Fly out, F7 (Flyball, 7D)
Batting: LHB Eric Ward 0-0: Called Strike
0-1: Swinging Strike
0-2: Strikes out swinging
Batting: RHB António Pérez 0-0: Ball
1-0: Swinging Strike
1-1: Ball
2-1: Swinging Strike
2-2: Fly out, F9 (Flyball, 9S)
Top of the 6th over - 0 run(s), 0 hit(s), 0 error(s), 0 left on base; New Amsterdam 2 - Ft. Worth 3
BOTTOM OF THE 6TH
Ft. Worth Cattlemen batting - Pitching for New Amsterdam Republics : LHP Alejandro Ramos
Batting: LHB Ryan Westlake 0-0: Ball
1-0: Called Strike
1-1: Ball
2-1: Ball
3-1: DOUBLE (Line Drive, 7LM)
Batting: RHB Joey Morgan 0-0: Ball
1-0: Swinging Strike
1-1: Ball
2-1: Ball
3-1: Base on Balls
Batting: RHB Júlio Maldonado 0-0: Called Strike
0-1: Ball
1-1: Ball
2-1: DOUBLE (Line Drive, 78XD)
Ryan Westlake scores
Joey Morgan to third
Batting: LHB Toyokazu Asano 0-0: Ball
1-0: 3-RUN HOME RUN (Line Drive, 9LD), Distance : 345 ft
Pitching: RHP Chris Schaefer
Batting: LHB Nobuo Yamashita 0-0: Called Strike
0-1: SINGLE (Line Drive, 9S)
Batting: RHB Jorge Rosa 0-0: Fielders Choice at 2nd, 1-6 (Groundball, 13S)
Batting: SHB Robby Day 0-0: Called Strike
0-1: Foul Ball, location: 2F
0-2: DOUBLE (Line Drive, 89D)
Jorge Rosa to third
Batting: RHB Alan Elder 0-0: Ball
1-0: Ball
2-0: Ball
3-0: Called Strike
3-1: Base on Balls
Batting: RHB Bart Lewis 0-0: Ball
1-0: Ball
2-0: SINGLE (Flyball, 89S)
Jorge Rosa scores
Robby Day to third
Alan Elder to second
Runner from 3rd tries for Home, throw and OUT!
Batting: LHB Ryan Westlake 0-0: Called Strike
0-1: Ball
1-1: Fly out, F4 (Popup, 4MD)
Bottom of the 6th over - 5 run(s), 6 hit(s), 0 error(s), 2 left on base; New Amsterdam 2 - Ft. Worth 8
TOP OF THE 7TH
New Amsterdam Republics batting - Pitching for Ft. Worth Cattlemen : LHP Bartolomeu Lio
Batting: RHB Cory Hansen 0-0: Ball
1-0: Foul Ball, location: 2F
1-1: Ball
2-1: Swinging Strike
2-2: Foul Ball, location: 2F
2-2: Ball
3-2: Ground out 6-3 (Groundball, 6)
Batting: RHB Ed Hopkins 0-0: Ball
1-0: Swinging Strike
1-1: Ball
2-1: Called Strike
2-2: Ground out 6-3 (Groundball, 56)
Batting: RHB John Burton 0-0: Ground out 4-3 (Groundball, 4)
Top of the 7th over - 0 run(s), 0 hit(s), 0 error(s), 0 left on base; New Amsterdam 2 - Ft. Worth 8
BOTTOM OF THE 7TH
Ft. Worth Cattlemen batting - Pitching for New Amsterdam Republics : RHP Chris Schaefer
Batting: RHB Joey Morgan 0-0: Ball
1-0: Foul Ball, location: 2F
1-1: Ball
2-1: Foul Ball, location: 2F
2-2: DOUBLE (Flyball, 9LD) - OUT at third base trying to stretch hit.
Batting: RHB Júlio Maldonado 0-0: Ball
1-0: Foul Ball, location: 2F
1-1: Swinging Strike
1-2: Foul Ball, location: 2F
1-2: Ball
2-2: Foul Ball, location: 2F
2-2: Foul Ball, location: 2F
2-2: Ball
3-2: Foul Ball, location: 2F
3-2: Base on Balls
Batting: LHB Toyokazu Asano 0-0: Foul Ball, location: 2F
0-1: Ball
1-1: Fly out, F4 (Popup, 34)
Batting: LHB Nobuo Yamashita 0-0: Called Strike
0-1: Foul Ball, location: 2F
0-2: Ball
1-2: Foul Ball, location: 2F
1-2: Foul Ball, location: 2F
1-2: Foul Ball, location: 2F
1-2: DOUBLE (Line Drive, 8RXD)
Júlio Maldonado to third
Batting: RHB Jorge Rosa 0-0: Called Strike
0-1: Ball
1-1: Ground out 1-3 (Groundball, P)
Bottom of the 7th over - 0 run(s), 2 hit(s), 0 error(s), 2 left on base; New Amsterdam 2 - Ft. Worth 8
TOP OF THE 8TH
New Amsterdam Republics batting - Pitching for Ft. Worth Cattlemen : LHP Bartolomeu Lio
Batting: RHB Enrique Morales 0-0: Ball
1-0: Ball
2-0: SINGLE (Line Drive, 7S)
Pitching: RHP Arinori Shibata
Batting: RHB Alfredo Suárez 0-0: Foul Ball, location: 2F
0-1: SINGLE (Groundball, 56D)
Enrique Morales to second
Batting: LHB Félix López 0-0: Called Strike
0-1: Fly out, F8 (Flyball, 8LM)
Batting: RHB Hank Wilder 0-0: Ball
1-0: Called Strike
1-1: Fly out, F2 (Popup, 25)
Batting: LHB Eric Ward 0-0: Ball
1-0: Foul Ball, location: 2F
1-1: Ball
2-1: Fielders Choice at 2nd, 4-6 (Groundball, 4)
Top of the 8th over - 0 run(s), 2 hit(s), 0 error(s), 1 left on base; New Amsterdam 2 - Ft. Worth 8
BOTTOM OF THE 8TH
Ft. Worth Cattlemen batting - Pitching for New Amsterdam Republics : RHP Chris Schaefer
Pitching: RHP Neil Gilliam
Batting: SHB Robby Day 0-0: Ball
1-0: Ground out 4-3 (Groundball, 4)
Batting: RHB Alan Elder 0-0: Foul Ball, location: 2F
0-1: Swinging Strike
0-2: Strikes out swinging
Batting: RHB Bart Lewis 0-0: DOUBLE (Flyball, 78D)
Batting: LHB Ryan Westlake 0-0: Ball
1-0: Called Strike
1-1: Foul Ball, location: 2F
1-2: Strikes out swinging
Bottom of the 8th over - 0 run(s), 1 hit(s), 0 error(s), 1 left on base; New Amsterdam 2 - Ft. Worth 8
TOP OF THE 9TH
New Amsterdam Republics batting - Pitching for Ft. Worth Cattlemen : RHP Arinori Shibata
Now at 3B: Davis Anderson
Batting: RHB António Pérez 0-0: Ball
1-0: Foul Ball, location: 2F
1-1: Ball
2-1: Swinging Strike
2-2: Ball
3-2: Strikes out swinging
Batting: RHB Cory Hansen 0-0: Called Strike
0-1: Foul Ball, location: 2F
0-2: Ball
1-2: SINGLE (Line Drive, 7S)
Batting: RHB Ed Hopkins 0-0: Swinging Strike
0-1: Ball
1-1: Swinging Strike
1-2: Foul Ball, location: 2F
1-2: Foul Ball, location: 2F
1-2: Strikes out looking
Batting: RHB John Burton 0-0: Fly out, F8 (Flyball, 8RS)
Top of the 9th over - 0 run(s), 1 hit(s), 0 error(s), 1 left on base; New Amsterdam 2 - Ft. Worth 8
Friday, December 30th, 2016 - OOTP Baseball 17.12 Build 75